 Dungeon Crawl Stone Soup version 0.24.0-123-gd5b16e6ec5 (webtiles) character file.

Game seed: 15277900934628220095, levelgen mode: deterministic

122256 Amplified the Severer (level 16, -31/231 HPs)
             Began as a Hill Orc Berserker on Jan 13, 2020.
             Was a High Priest of Trog.
             Annihilated by a spriggan defender
             ... wielding the +3 lajatang of Evolution {flame, rPois Dex+3}
              (41 damage)
             ... on level 1 of the Swamp.
             The game lasted 00:33:12 (23515 turns).

Amplified the Severer (Hill Orc Berserker)         Turns: 23515, Time: 00:33:13

Health: -31/231    AC: 26    Str: 30    XL:     16   Next: 87%
Magic:  24/24      EV: 37    Int:  9    God:    Trog [*****.]
Gold:   1081       SH:  7    Dex: 25    Spells: 15/15 levels left

rFire    . . .     SeeInvis .   M - +4 broad axe of Demand {vamp, rPois rF- Str-4 Dex+6}
rCold    . . .     Gourm    .   N - +0 buckler
rNeg     . . .     Faith    .   L - +7 chain mail "Ydor" {rF+ Int+2}
rPois    +         Spirit   .   j - +2 helmet
rElec    +         Reflect  .   (no cloak)
rCorr    .         Harm     .   g - +0 pair of gloves
MR       +++..                  E - +0 pair of boots
Stlth    ..........             F - amulet of the acrobat
HPRegen  1.48/turn              l - ring of Amorality {rElec EV+3}
MPRegen  0.19/turn              z - ring of Leicegal {Str+4 Dex+7}

@: mighty, berserking (expiring), lethally poisoned (-31 -> -31), acrobat,
regenerating, hasted, very quick
A: no striking features
a: Berserk, Trog's Hand, Brothers in Arms, Renounce Religion


You were on level 1 of the Swamp.
You worshipped Trog.
Trog was extremely pleased with you.
You were hungry.

You visited 4 branches of the dungeon, and saw 24 of its levels.
You also visited: Ice Cave.

You collected 2662 gold pieces.
You spent 1581 gold pieces at shops.

Inventory:

Hand Weapons
 G - a +9 war axe of flaming
 M - the +4 broad axe of Demand (weapon) {vamp, rPois rF- Str-4 Dex+6}
   (Trog gifted it to you on level 2 of the Lair of Beasts)

   It inflicts no extra harm, but heals its wielder when it wounds a living foe.
   It affects your strength (-4).
   It affects your dexterity (+6).
   It makes you vulnerable to fire.
   It protects you from poison.
 Q - a +6 executioner's axe of freezing
Missiles
 e - 58 poisoned darts (quivered)
Armour
 g - a +0 pair of gloves (worn)
 j - a +2 helmet (worn)
 u - +0 acid dragon scales
 E - a +0 pair of boots (worn)
 L - the +7 chain mail "Ydor" (worn) {rF+ Int+2}
   (You found it on level 3 of the Lair of Beasts)

   It affects your intelligence (+2).
   It protects you from fire.
 N - a +0 buckler (worn)
Jewellery
 l - the ring of Amorality (left hand) {rElec EV+3}
   (You found it in an ice cave)

   [ring of evasion]

   It affects your evasion (+3).
   It insulates you from electricity.
 q - an uncursed amulet of the gourmand {unknown}
 t - the ring "Cimol" {*Corrode rElec rF+ rN++ Int+3}
   (You took it off a meliai on level 9 of the Dungeon)

   [ring of protection from fire]

   It affects your intelligence (+3).
   It protects you from fire.
   It insulates you from electricity.
   It greatly protects you from negative energy.
   It may corrode you when you take damage.
 w - the amulet "Wuurai" {Acrobat -Tele rN+++ MP+9 Int-5}
   (You found it on level 9 of the Dungeon)

   [amulet of the acrobat]

   It helps you evade while moving and waiting.
   It affects your intelligence (-5).
   It renders you almost immune to negative energy.
   It affects your magic capacity (+9).
   It prevents most forms of teleportation.
 z - the ring of Leicegal (right hand) {Str+4 Dex+7}
   (You found it on level 9 of the Dungeon)

   [ring of strength]

   It affects your strength (+4).
   It affects your dexterity (+7).
 A - an uncursed ring of fire
 F - an amulet of the acrobat (around neck)
 H - an uncursed ring of see invisible
 W - the ring "Ehidu" {rCorr Stlth+}
   (You bought it in a shop on level 2 of the Orcish Mines)

   [ring of resist corrosion]

   It provides partial protection from all sources of acid and corrosion.
   It makes you more stealthy.
 X - an uncursed amulet of regeneration {unknown}
Wands
 k - a wand of polymorph (13)
 m - a wand of flame (51)
 v - a wand of scattershot (4)
 x - a wand of clouds (4)
 y - a wand of paralysis (2)
 O - a wand of digging (3)
 P - a wand of acid (23)
 V - a wand of iceblast (8)
Scrolls
 a - 2 scrolls of silence
 d - 18 scrolls of remove curse
 i - 11 scrolls of teleportation
 p - 2 scrolls of blinking
 r - 2 scrolls of fear
 J - 3 scrolls of fog
 U - 2 scrolls of brand weapon
Potions
 b - 4 potions of brilliance
 f - 4 potions of resistance
 h - 2 potions of heal wounds
 o - 3 potions of cancellation
 s - 7 potions of curing
 B - a potion of magic
 D - 3 potions of mutation
 K - a potion of haste
 R - 2 potions of might
 Z - a potion of flight
Miscellaneous
 S - a lamp of fire
Comestibles
 c - 27 rations
 n - 4 chunks of flesh


   Skills:
 * Level 16.8 Fighting
 - Level 18.7 Axes
 * Level 13.8 Armour
 * Level 11.0 Dodging
 - Level 5.2 Shields
 * Level 10.7 Evocations


You had 15 spell levels left.
You didn't know any spells.
Your spell library contained the following spells:

 Spells                   Type           Power        Failure   Level  Hunger
 Animate Skeleton         Necr           N/A          80%         1    ##.....
 Pain                     Necr           #...         80%         1    ##.....
 Shock                    Conj/Air       #...         80%         1    ##.....
 Ensorcelled Hibernation  Hex/Ice        #.....       90%         2    ###....
 Swiftness                Chrm/Air       #.......     90%         2    ###....
 Confuse                  Hex            #.......     99%         3    ####...
 Conjure Flame            Conj/Fire      #.......     99%         3    ####...
 Inner Flame              Hex/Fire       #.......     99%         3    ####...
 Portal Projectile        Hex/Tloc       #.....       99%         3    ####...
 Regeneration             Chrm/Necr      #.........   99%         3    ####...
 Spectral Weapon          Hex/Chrm       #.......     99%         3    ####...
 Spider Form              Tmut/Pois      #.........   99%         3    ####...
 Static Discharge         Conj/Air       #.......     99%         3    ####...
 Vampiric Draining        Necr           #.........   99%         3    ####...
 Airstrike                Air            #.........   100%        4    #####..
 Animate Dead             Necr           N/A          100%        4    #####..
 Petrify                  Tmut/Erth      #.......     100%        4    #####..
 Bolt of Magma            Conj/Fire/Erth #.........   100%        5    ######.
 Iskenderun's Battlesphe  Conj/Chrm      #.......     100%        5    ######.
 Lightning Bolt           Conj/Air       #.........   100%        5    ######.
 Silence                  Hex/Air        #.........   100%        5    ######.
 Venom Bolt               Conj/Pois      #.........   100%        5    ######.
 Iron Shot                Conj/Erth      #.........   100%        6    #######
 Orb of Destruction       Conj           #.........   100%        7    #######
 Spellforged Servitor     Conj/Summ      #.........   100%        7    #######


Dungeon Overview and Level Annotations

Branches:
Dungeon (15/15)            Temple (0/1) D:4            Lair (6/6) D:10
  Swamp (1/4) Lair:4       Spider (0/4) Lair:2        Slime (0/5) Lair:6
    Orc (2/2) D:12            Elf (0/3) Orc:2        Vaults (0/5) D:13
 Depths (0/5) D:15          IceCv (visited)

Altars:
Cheibriados
Dithmenos
Gozag
Hepliaklqana
Kikubaaqudgha
Okawaru
Ru
Sif Muna
Trog
Uskayaw
Vehumet
Wu Jian
Xom
Yredelemnul
Beogh
Jiyva

Shops:
Orc:2 =%(?

Annotations:
Lair:1 Brandy Fun
Swamp:1 1 transporter


Message History

The spriggan defender is severely wounded.
You feel sick.
The spriggan defender completely misses you.
Unknown command.
Unknown command.
You slash the spriggan defender!
You feel better.
The spriggan defender is almost dead.
The spriggan defender hits you with the +3 lajatang of Evolution {flame, rPois Dex+3}!!!
* * * LOW HITPOINT WARNING * * *
The spriggan defender burns you.
* * * LOW HITPOINT WARNING * * *
Unknown command.
Unknown command.
The spriggan defender rages.
Unknown command.
You feel a strong urge to attack something.
You feel sick.
The spriggan defender completely misses you.
The spriggan defender hits you with the +3 lajatang of Evolution {flame, rPois Dex+3}!!!
You die...

.≈.≈.♣♣♣...♣♣. ≈≈≈≈≈.≈......
♣♣.♣ ♣...≈...##### ...♣ ♣.≈≈..#
.©.### ≈.≈≈♣ ♣.. ♣>≈≈†# #
#...## ≈.≈.♣ ♣.. ♣.≈..#
.###....# ...≈.♣ ♣. ♣≈.♣
♣...##i##≈#...(##..≈≈.♣ ♣. ≈>.
♣♣..#.ih#i......#..≈..♣ ♣≈ ..
♣♣♣§.©#.iiY@_...)©#©.≈≈.♣ ♣≈
♣≈♣♣≈≈≈..#.y##|..≈##)#.....♣ ♣.
♣≈♣≈§..(.##.#≈#.###.##.≈≈≈.♣♣♣≈
♣≈.♣≈♣♣♣..#####.. .# ..♣♣≈...♣.
♣.≈.≈.♣.≈.# ..... ....≈.≈≈..
♣≈.♣≈♣♣♣...# #...## ♣.≈≈....≈
♣≈≈♣♣♣ ♣.....#####. ♣♣.≈≈≈.≈≈≈
♣♣.♣♣ ♣..♣♣...... ♣♣♣.≈....♣≈.
♣..♣♣♣♣..♣ ♣.≈♣♣♣...≈≈...♣≈.


You could see a death yak (berserk), a spriggan defender (berserk), a spriggan
rider (berserk), 2 spriggan berserkers, a moth of wrath, a polar bear (berserk)
and a spriggan.

Vanquished Creatures
  Jorgrun (Orc:1)
  The ghost of Rachuaq the Thaumaturge, an adept GnSk of Makhleb (Orc:1)
  A thorn hunter (Swamp:1)
  Louise (D:14)
  A reaper (IceCv)
  The ghost of KCGemini the Ripper, a journeyman FeBe of Trog (Swamp:1)
  Snorg (Orc:1)
  An ettin (Orc:2)
  2 fire dragons (D:15)
  11 hydras
  An ice dragon (Lair:3)
  3 centaur warriors
  A naga warrior (Orc:1)
  2 death knights
  A shambling mangrove (Swamp:1)
  5 ogre magi
  20 two-headed ogres
  2 tengu warriors (Orc:1)
  15 death yaks
  Urug (Lair:3)
  17 spriggans
  3 unseen horrors
  A skeletal warrior (D:11)
  A lindwurm (Lair:6)
  3 orc knights
  A phantasmal warrior (D:11)
  Pikel (D:4)
  A swamp dragon (Swamp:1)
  4 ugly things
  3 cyclopes
  4 oklob plants
  An orc sorcerer (Orc:1)
  An elephant (Lair:6)
  A manticore (D:10)
  Maurice (D:12)
  4 centaur zombies
  3 ice statues
  A gargoyle (D:12)
  9 spiny frogs
  A torpor snail (Lair:4)
  3 rime drakes
  2 efreet
  A freezing wraith (D:11)
  8 ice devils (IceCv)
  7 komodo dragons
  2 kobold demonologists
  A meliai (D:9)
  9 trolls
  6 polar bears
  6 tyrant leeches (Swamp:1)
  A jumping spider (Lair:2)
  Grinder (D:5)
  10 hornets
  6 blink frogs
  4 bog bodies (Swamp:1)
  7 dream sheep
  A meliai zombie (D:11)
  8 hippogriffs
  Sigmund (D:2)
  3 shadows
  34 yaks
  A vampire (D:8)
  2 basilisks
  2 wyverns
  4 vampire mosquitoes (D:10)
  Grum (D:8)
  4 swamp worms (Swamp:1)
  2 wargs
  12 porcupines
  An acid dragon (D:9)
  4 water moccasins
  Purgy (D:3)
  9 ice beasts
  24 orc warriors
  A swamp drake (Swamp:1)
  4 black bears
  4 phantoms
  3 necrophages
  30 ogres
  A sky beast (D:10)
  2 eyes of draining
  3 boggarts (Lair:6)
  9 centaurs
  29 wolves
  9 crocodiles
  4 big kobolds
  21 bullfrogs
  A gnoll sergeant (D:9)
  A wyvern skeleton (D:10)
  2 jellies
  7 scorpions
  18 killer bees
  12 wights
  3 howler monkeys
  An electric eel (Lair:3)
  2 bullfrog zombies
  3 quasits
  6 crimson imps
  11 hounds
  29 orc priests
  20 orc wizards
  2 centaur skeletons
  Jessica (D:2)
  Natasha (thrice) (D:2)
  4 iguanas
  13 worker ants
  3 hound skeletons
  A mummy (D:8)
  A worker ant zombie (D:6)
  10 gnolls
  15 adders
  8 shadow imps
  11 white imps
  2 oozes
  5 ufetubi (IceCv)
  An adder skeleton (D:9)
  3 adder zombies
  A worm (D:3)
  4 leopard geckos
  89 orcs
  4 giant cockroaches
  7 goblins
  9 hobgoblins
  4 jackals
  2 quokkas
  5 ball pythons
  2 bats
  5 frilled lizards
  A giant cockroach zombie (D:5)
  9 kobolds
  A leopard gecko skeleton (D:7)
  4 rats
  6 fungi
  7 plants
800 creatures vanquished.

Vanquished Creatures (collateral kills)
  A hornet (D:9)
1 creature vanquished.

Vanquished Creatures (others)
  A hound (D:4)
  3 white imps (IceCv)
  3 ufetubi (IceCv)
  An adder skeleton (D:9)
  An orc (D:4)
  A jackal (D:4)
  A quokka (D:4)
  A plant (Lair:2)
12 creatures vanquished.

Grand Total: 813 creatures vanquished

Notes
Turn   | Place    | Note
-------+----------+-------------------------------------------
     0 | D:1      | Amplified the Hill Orc Berserker began the quest for the
                  | Orb.
     0 | D:1      | Reached XP level 1. HP: 19/19 MP: 1/1
   295 | D:1      | Reached XP level 2. HP: 17/27 MP: 2/2
   528 | D:1      | Reached XP level 3. HP: 28/33 MP: 3/3
  1021 | D:1      | Reached ** piety under Trog
  1334 | D:2      | Reached skill level 5 in Axes
  1334 | D:2      | Reached XP level 4. HP: 41/41 MP: 4/4
  1386 | D:2      | Noticed Natasha
  1387 | D:2      | Noticed Jessica
  1397 | D:2      | Killed Natasha
  1403 | D:2      | Killed Jessica
  1403 | D:2      | Reached XP level 5. HP: 33/47 MP: 5/5
  1530 | D:2      | Noticed Natasha
  1531 | D:2      | Noticed Sigmund
  1543 | D:2      | Killed Sigmund
  1543 | D:2      | Reached skill level 5 in Fighting
  1543 | D:2      | Reached skill level 6 in Axes
  1543 | D:2      | Reached XP level 6. HP: 48/56 MP: 6/6
  1543 | D:2      | Killed Natasha
  1712 | D:2      | Noticed Natasha
  1718 | D:2      | Killed Natasha
  1821 | D:3      | Noticed Purgy
  1831 | D:3      | Killed Purgy
  1831 | D:3      | Reached XP level 7. HP: 63/63 MP: 7/7
  2021 | D:3      | You fall into a shaft and drop 3 floors!
  2058 | D:6      | Reached skill level 7 in Axes
  2128 | D:6      | Reached *** piety under Trog
  2539 | D:6      | Reached XP level 8. HP: 30/73 MP: 8/8
  2639 | D:6      | Reached skill level 8 in Axes
  2717 | D:5      | Entered Level 5 of the Dungeon
  2743 | D:5      | Found a shimmering blue altar of Sif Muna.
  2772 | D:5      | Found an ancient bone altar of Kikubaaqudgha.
  3287 | D:4      | Found a transporter.
  3295 | D:4      | Reached skill level 5 in Armour
  3299 | D:4      | Reached skill level 9 in Axes
  3321 | D:4      | Found a transporter.
  3341 | D:4      | Noticed Pikel
  3369 | D:4      | Killed Pikel
  3369 | D:4      | Reached XP level 9. HP: 48/82 MP: 9/9
  3978 | D:4      | Found a staircase to the Ecumenical Temple.
  3985 | D:4      | Reached **** piety under Trog
  4000 | D:4      | Found a shadowy altar of Dithmenos.
  4312 | D:5      | Reached skill level 10 in Axes
  4454 | D:5      | Noticed Grinder
  4476 | D:5      | Killed Grinder
  4610 | D:5      | Found a radiant altar of Vehumet.
  4610 | D:5      | Found a sacrificial altar of Ru.
  4610 | D:5      | Found a snail-covered altar of Cheibriados.
  4611 | D:5      | Found an opulent altar of Gozag.
  4612 | D:5      | Found a shimmering altar of Xom.
  4613 | D:5      | Found a hazy altar of Hepliaklqana.
  4614 | D:5      | Found an ornate altar of the Wu Jian Council.
  4615 | D:5      | Found a hide-covered altar of Uskayaw.
  5712 | D:7      | Reached skill level 10 in Fighting
  5926 | D:7      | Reached skill level 11 in Axes
  6228 | D:8      | Reached XP level 10. HP: 93/93 MP: 10/10
  6637 | D:8      | Reached skill level 5 in Dodging
  6791 | D:8      | Found a transporter.
  6791 | D:8      | Found a basalt altar of Yredelemnul.
  6793 | D:8      | Noticed a death knight
  6801 | D:8      | Found a transporter.
  6953 | D:8      | Found an ancient bone altar of Kikubaaqudgha.
  7053 | D:8      | Noticed Grum
  7061 | D:8      | Reached ***** piety under Trog
  7069 | D:8      | Killed Grum
  7590 | D:9      | Got a translucent ring mail
  7591 | D:9      | Identified the cursed +0 ring mail "Xeokoan" {rC+} (You
                  | found it on level 9 of the Dungeon)
  7714 | D:9      | Noticed a cyclops
  7945 | D:9      | Noticed a two-headed ogre
  7952 | D:9      | Reached skill level 12 in Axes
  7957 | D:9      | Killed a two-headed ogre
  8231 | D:9      | Found a runed translucent door.
  8273 | D:9      | Identified the ring "Gawnirud" {Ice rPois}
  8273 | D:9      | Noticed a centaur warrior
  8275 | D:9      | Identified the ring "Cimol" {*Corrode rElec rF+ rN++ Int+3}
  8291 | D:9      | Killed a kobold demonologist
  8303 | D:9      | Reached XP level 11. HP: 17/104 MP: 11/11
  8410 | D:9      | Noticed a brown ugly thing
  8419 | D:9      | Killed a brown ugly thing
  8628 | D:9      | Got a clouded garnet amulet
  8637 | D:9      | Got a steaming bone ring
  8638 | D:9      | Identified the ring of Leicegal {Str+4 Dex+7} (You found it
                  | on level 9 of the Dungeon)
  8640 | D:9      | Identified the amulet "Wuurai" {Acrobat -Tele rN+++ MP+9
                  | Int-5} (You found it on level 9 of the Dungeon)
  8764 | D:9      | Killed a cyclops
  8764 | D:9      | Reached skill level 13 in Axes
  8825 | D:9      | Reached skill level 16 in Axes
  8825 | D:9      | Reached XP level 12. HP: 97/112 MP: 12/12
  9141 | D:10     | Entered Level 10 of the Dungeon
 10135 | D:10     | Received a gift from Trog
 10389 | D:10     | Found a staircase to the Lair.
 10393 | D:10     | Noticed a two-headed ogre
 10399 | D:10     | Killed a two-headed ogre
 10402 | D:10     | Reached skill level 1 in Evocations
 10930 | D:11     | Noticed a death knight
 10943 | D:11     | Killed a death knight
 10943 | D:11     | Reached XP level 13. HP: 103/122 MP: 15/15
 11718 | Lair:1   | Entered Level 1 of the Lair of Beasts
 12252 | Lair:2   | Reached skill level 10 in Armour
 12256 | Lair:2   | Reached skill level 5 in Evocations
 12499 | Lair:2   | Received a gift from Trog
 12530 | Lair:2   | Got a steaming broad axe {god gift}
 12531 | Lair:2   | Identified the +4 broad axe of Demand {vamp, rPois rF-
                  | Str-4 Dex+6} (Trog gifted it to you on level 2 of the Lair
                  | of Beasts)
 12571 | Lair:2   | Reached skill level 17 in Axes
 13337 | Lair:2   | Reached skill level 18 in Axes
 13371 | Lair:2   | HP: 6/123 [death yak (19)]
 13376 | Lair:2   | Reached XP level 14. HP: 30/130 MP: 18/18
 13432 | Lair:2   | Found a hole to the Spider Nest.
 14124 | Lair:3   | Noticed Urug
 14161 | Lair:3   | Killed Urug
 14562 | Lair:3   | Got a jewelled chain mail
 14578 | Lair:3   | Identified the +7 chain mail "Ydor" {rF+ Int+2} (You found
                  | it on level 3 of the Lair of Beasts)
 14625 | Lair:4   | Reached skill level 1 in Shields
 14892 | Lair:4   | Found a staircase to the Swamp.
 15263 | Lair:4   | Reached skill level 5 in Shields
 16002 | Lair:6   | Entered Level 6 of the Lair of Beasts
 16287 | Lair:6   | Reached ****** piety under Trog
 16493 | Lair:6   | Received a gift from Trog
 16534 | Lair:6   | Reached XP level 15. HP: 139/139 MP: 20/20
 16640 | Lair:6   | Identified A Primer on Magic
 16874 | Lair:6   | Reached skill level 15 in Fighting
 16913 | Lair:6   | Found a viscous altar of Jiyva.
 16913 | Lair:6   | Found a staircase to the Slime Pits.
 17016 | Lair:5   | Got a steaming chain mail
 17017 | Lair:5   | Identified the cursed +0 chain mail of the Sky {rC++ Int+3}
                  | (You found it on level 5 of the Lair of Beasts)
 17268 | D:8      | Identified Puadaypo's Almanac of Dusty Bewitchment
 17314 | D:8      | Got a spiked troll leather armour
 17389 | D:8      | Got a steaming shortbow
 17470 | D:8      | Got a smoking hand crossbow
 17471 | D:8      | Identified the +5 shortbow of Pain and Death {flame, Str+6}
                  | (You found it on level 8 of the Dungeon)
 17472 | D:8      | Identified the cursed +2 hand crossbow of Roxkidgha {penet,
                  | -Tele rN+++ Dex-4 Stlth+} (You found it on level 8 of the
                  | Dungeon)
 17475 | D:8      | Identified the cursed +1 troll leather armour "Tummuloa"
                  | {rN+ Regen+} (You found it on level 8 of the Dungeon)
 17605 | D:12     | Noticed Maurice
 17621 | D:12     | Killed Maurice
 17725 | D:12     | Found a roughly hewn altar of Beogh.
 17725 | D:12     | Found a staircase to the Orcish Mines.
 18151 | Orc:1    | Entered Level 1 of the Orcish Mines
 18170 | Orc:1    | Received a gift from Trog
 18196 | Orc:1    | Found a roughly hewn altar of Beogh.
 18332 | Orc:2    | Entered Level 2 of the Orcish Mines
 18431 | Orc:2    | Found Wotzes's Weapon Emporium.
 18431 | Orc:2    | Found Ramusej's Magic Scroll Shop.
 18432 | Orc:2    | Found Lucvumug's Jewellery Boutique.
 18432 | Orc:2    | Found Voohegena's Food Emporium.
 18519 | Orc:2    | Reached skill level 10 in Dodging
 18548 | Orc:2    | Bought a scroll of teleportation for 54 gold pieces
 18548 | Orc:2    | Bought a scroll of brand weapon for 360 gold pieces
 18548 | Orc:2    | Bought a scroll of teleportation for 54 gold pieces
 18548 | Orc:2    | Bought a scroll of remove curse for 54 gold pieces
 18548 | Orc:2    | Bought a scroll of remove curse for 54 gold pieces
 18548 | Orc:2    | Bought a scroll of identify for 36 gold pieces
 18548 | Orc:2    | Bought 2 scrolls of remove curse for 108 gold pieces
 18548 | Orc:2    | Bought a scroll of blinking for 135 gold pieces
 18548 | Orc:2    | Bought a scroll of silence for 135 gold pieces
 18548 | Orc:2    | Bought a scroll of remove curse for 54 gold pieces
 18550 | Orc:2    | Bought the ring "Ehidu" {rCorr Stlth+} for 357 gold pieces
 18551 | Orc:2    | Bought a ration for 60 gold pieces
 18551 | Orc:2    | Bought a ration for 60 gold pieces
 18551 | Orc:2    | Bought a ration for 60 gold pieces
 18817 | Orc:2    | Found a staircase to the Elven Halls.
 18984 | Orc:1    | Noticed Jorgrun
 18991 | Orc:1    | Received a gift from Trog
 18997 | Orc:1    | Killed Jorgrun
 19016 | Orc:1    | Noticed Snorg
 19176 | Orc:1    | Found a runed translucent gate.
 19176 | Orc:1    | Found a runed translucent gate.
 19176 | Orc:1    | Found a runed translucent gate.
 19176 | Orc:1    | Noticed Rachuaq's ghost (adept GnSk)
 19177 | Orc:1    | Found an iron altar of Okawaru.
 19192 | Orc:1    | Killed Snorg
 19264 | Orc:1    | Reached XP level 16. HP: 151/151 MP: 23/23
 19459 | Orc:1    | Killed Rachuaq's ghost
 19688 | Orc:1    | Identified the +7 bardiche of Meod {chop, rElec Stlth+}
                  | (You found it on level 1 of the Orcish Mines)
 19815 | D:13     | Found a gate to the Vaults.
 20644 | D:14     | Noticed Louise
 20666 | D:14     | Killed Louise
 20858 | D:14     | Reached skill level 10 in Evocations
 20951 | D:14     | Received a gift from Trog
 21181 | D:15     | Entered Level 15 of the Dungeon
 21199 | D:15     | Found a frozen archway.
 21394 | IceCv    | Entered an ice cave
 21722 | IceCv    | Got a scintillating pewter ring
 21739 | IceCv    | Identified the ring of Amorality {rElec EV+3} (You found it
                  | in an ice cave)
 22198 | D:15     | Found a staircase to the Depths.
 22815 | Swamp:1  | Entered Level 1 of the Swamp
 22824 | Swamp:1  | Received a gift from Trog
 22836 | Swamp:1  | Noticed a thorn hunter
 22854 | Swamp:1  | Killed a thorn hunter
 23445 | Swamp:1  | Found a transporter.
 23447 | Swamp:1  | Identified the +3 lajatang of Evolution {flame, rPois
                  | Dex+3}
 23450 | Swamp:1  | Noticed KCGemini's ghost (journeyman FeBe)
 23453 | Swamp:1  | Found a bloodstained altar of Trog.
 23453 | Swamp:1  | Identified the +9 broad axe "Yfeofub" {antimagic, rN++
                  | Str+3 Stlth-}
 23473 | Swamp:1  | Found a transporter.
 23497 | Swamp:1  | Paralysed by something for 1 turns
 23507 | Swamp:1  | Killed KCGemini's ghost
 23513 | Swamp:1  | HP: 9/231 [spriggan defender/the +3 lajatang of Evolution
                  | {flame, rPois Dex+3} (5)]
 23515 | Swamp:1  | Annihilated by a spriggan defender

Levels and vault maps discovered:
D:1:      psy_arrival_radial01, layout_basic, minmay_close_crescents
D:2:      layout_basic, first_ration, minmay_misc_feat_nine_boxes, uniq_natasha,
          uniq_sigmund, uniq_jessica
D:3:      layout_basic, uniq_purgy
D:4:      gammafunk_wand_slinger, layout_rooms, kennysheep_mini,
          minmay_temple_entry_purple_smoke, kennysheep_decorative_pillar,
          uniq_pikel
D:5:      layout_basic, minitemple, kennysheep_mini_moat, lemuel_altar_in_water,
          uniq_grinder
D:6:      layout_basic, minmay_misc_feat_secret_circle
D:7:      layout_loops_cross, dk_rats_in_the_wall
D:8:      minmay_weird_star, layout_loops_corners, gammafunk_temple_of_torment,
          uniq_grum
D:9:      minmay_the_grid_triangle_9x9_rhombus_thin
          [minmay_the_grid_triangle_9x9_subtriangle,
          minmay_the_grid_triangle_9x9_prize_special,
          minmay_the_grid_triangle_9x9_zippers_horizontal,
          minmay_the_grid_triangle_9x9_sprig], layout_basic
D:10:     layout_roguey, dpeg_oklobed_lair
D:11:     layout_gridville
D:12:     layout_roguey, david_orc_5, uniq_maurice
D:13:     layout_stronghold, david_vaults_2, hangedman_ranch
          [blue_anna_fruit_fields]
D:14:     layout_basic, small_statue_intersection, uniq_louise
D:15:     grunt_enter_depths_hoard, layout_irregular_city,
          portal_ice_cave_entry_animals_and_master, hangedman_decor_riveting,
          roderic_lattice_a
Lair:1:   layout_chaotic_city, st_stairs_8
Lair:2:   layout_cave_pods, spider_nest_entry_rubble, grunt_megastairs_1,
          minmay_lair_oklob_chamber
Lair:3:   layout_small_grid, ice2_lemuel, serial_bayou_shore_a,
          lemuel_fruit_tree, uniq_urug
Lair:4:   layout_regular_city, swamp_mist, grunt_megastairs_5
Lair:5:   layout_regular_city, chequers_serial_rivers_room_a
Lair:6:   minmay_lair_end_enchanted_forest, layout_hall_layers,
          dpeg_slime_entry_enclosed_altar, patterned_corridor,
          serial_bayou_shore_b
Swamp:1:  layout_falls_marsh, gammafunk_ghost_wrathful_warriors,
          evilmike_swamp_ruin_rubble_1
Orc:1:    layout_caves, gammafunk_ghost_fury_of_okawaru, nicolae_orc_rockfall,
          lemuel_statue_altar, uniq_snorg, uniq_jorgrun
Orc:2:    st_orc_ogre_mass, layout_caves

Skill      XL: |  1  2  3  4  5  6  7  8  9 10 11 12 13 14 15 16 |
---------------+-------------------------------------------------+-----
Fighting       | 4 5 6 7 8 10 11 12 13 14 15 16 | 16.8
Dodging        | 2 3 4 5 7 8 10 11 | 11.0
Axes           | 5 6 7 9 11 12 16 18 | 18.7
Armour         | 3 4 5 6 7 9 10 11 12 13 | 13.8
Evocations     | 3 5 7 9 10 | 10.7
Shields        | 5 |  5.2

Action                   |  1- 3 |  4- 6 |  7- 9 | 10-12 | 13-15 | 16-18 || total
-------------------------+-------+-------+-------+-------+-------+-------++-------
Melee: Hand axe          |    84 |    63 |   480 |   367 |       |       ||   994
       War axe           |       |       |       |    99 |   161 |    13 ||   273
       Broad axe         |       |       |       |       |   808 |   558 ||  1366
Invok: Berserk           |     1 |     2 |     7 |     8 |    10 |     5 ||    33
       Trog's Hand       |       |     1 |     4 |     4 |     9 |     6 ||    24
Evoke: Wand              |       |       |       |     7 |     8 |     6 ||    21
  Use: Scroll            |       |     3 |    11 |     6 |    14 |     7 ||    41
       Potion            |       |       |     8 |     8 |     4 |     4 ||    24
 Stab: Sleeping          |       |       |     1 |     3 |       |       ||     4
       Confused          |       |       |       |     2 |       |       ||     2
       Invisible         |       |       |       |     3 |       |       ||     3
       Distracted        |       |       |       |     1 |       |       ||     1
       Paralysed         |       |       |       |       |       |     3 ||     3
  Eat: Ration            |     1 |       |     3 |     2 |     7 |     3 ||    16
       Chunk             |       |     2 |    13 |    16 |    16 |    10 ||    57
Armor: Animal skin       |    17 |       |       |       |       |       ||    17
       Ring mail         |       |     2 |       |       |       |       ||     2
       Robe              |       |     7 |   124 |    80 |    37 |       ||   248
       Chain mail        |       |       |       |       |   171 |   148 ||   319
Dodge: Dodged            |    49 |    34 |   268 |   305 |   573 |   302 ||  1531
Block: Buckler           |       |       |       |       |   161 |   125 ||   286
